 Dungeon Crawl Stone Soup version 0.30.1-11-g7821555f0a (webtiles) character file.

Game seed: 17332989372211468067

67 cdecastro the Changer (level 3, -7/28 HPs)
             Began as a Draconian Transmuter on Jan 11, 2024.
             Mangled by an iguana (8 damage)
             ... on level 3 of the Dungeon.
             The game lasted 00:03:59 (1598 turns).

cdecastro the Changer (Draconian Transmuter)        Turns: 1598, Time: 00:04:00

Health: -7/28      AC:  5    Str: 12    XL:     3   Next: 98%
Magic:  5/6        EV: 12    Int: 15    God:
Gold:   106        SH:  0    Dex: 11    Spells: 3/6 levels left

rFire   . .          .
                       - Unarmed
rCold   . . .        (no shield)
rNeg    . . .        (body armour unavailable)
rPois   .            (helmet currently unavailable)
rElec   .            (no cloak)
rCorr   .            (no gloves)
SInv    .            (boots currently unavailable)
Will    .....        (no amulet)
Stlth   +            (no ring)
HPRegen 0.24/turn    (no ring)
MPRegen 0.10/turn

%: no passive effects
@: appendages
A: horns 2, talons 2, AC +5, unfitting armour, cold-blooded
a: End Transformation


You were on level 3 of the Dungeon.
You had temporarily grown beastly horns and talons.
You visited 1 branch of the dungeon, and saw 3 of its levels.

You collected 106 gold pieces.

Inventory:

Missiles
 g - 2 javelins
 i - 4 poisoned darts
Magical Staves
 f - a staff of conjuration
 k - a staff of cold
Scrolls
 b - a scroll of fog {unknown}
 h - 2 scrolls of identify {unknown}
 l - a scroll of immolation {unknown}
 m - a scroll of vulnerability {unknown}
Potions
 a - a potion of lignification
 c - 2 potions of magic {unknown}
 d - 3 potions of heal wounds {unknown}
 e - a potion of cancellation {unknown}
 j - a potion of degeneration {unknown}


   Skills:
 - Level 1.1 Fighting
 - Level 1.7 Dodging
 + Level 3.6 Unarmed Combat
 - Level 2.0 Spellcasting
 * Level 3.7 Transmutations


You had 3 spell levels left.
You knew the following spells:

 Your Spells              Type           Power      Damage    Failure   Level
a - Beastly Appendage     Tmut           24%        N/A       4%          1
b - Wereblood             Tmut           12%        N/A       7%          2

Your spell library contained the following spells:

 Spells                   Type           Power      Damage    Failure   Level
 Passwall                 Tmut/Erth      5%         N/A       16%         2
 Spider Form              Tmut/Pois      7%         N/A       30%         3
 Ensorcelled Hibernation  Hex/Ice        2%         N/A       32%         2
 Swiftness                Air            1%         N/A       54%         3
 Ice Form                 Ice/Tmut       7%         N/A       71%         4


Dungeon Overview and Level Annotations

Branches:
Dungeon (3/15)

Altars:
Uskayaw

Shops:
D:1 (


Innate Abilities, Weirdness & Mutations

You have temporarily grown beastly horns and talons.
Your plain brown scales are hard. (AC +5)
You cannot fit into any form of body armour.
You are cold-blooded and may be slowed by cold attacks.


Message History

The bat barely misses you.
You closely miss the bat.
Your tail-slap misses the bat.
The bat closely misses you.
You closely miss the bat. The bat hits you but does no damage.
The bat barely misses you. The bat closely misses you.
You closely miss the bat. You tail-slap the bat.
You kill the bat!
No target in view!
No target in view!
h - 2 scrolls labelled ZEDIAS HAEBUXU (gained 1)
You open the door.
There is an open door here.
You open the door.
An iguana comes into view.
Found four items.
Found an escape hatch in the ceiling.
An iguana is nearby!
There is an open door here.
Casting: Wereblood (safe; 7% risk of failure)
Confirm with . or Enter, or press ? or * to list all spells.
You grow a pair of large bovine horns.
Your feet morph into talons.
You hit the iguana but do no damage. The iguana bites you!
You hit the iguana but do no damage. Your kick misses the iguana.
Your tail-slap misses the iguana.
The iguana misses you.
You closely miss the iguana. The iguana closely misses you.
You hit the iguana. Your headbutt misses the iguana.
The iguana is moderately wounded.
The iguana bites you!
* * * LOW HITPOINT WARNING * * *
You closely miss the iguana. You claw the iguana.
The iguana is moderately wounded.
You hit the iguana. Your kick misses the iguana.
The iguana is severely wounded.
The iguana bites you.
* * * LOW HITPOINT WARNING * * *
You closely miss the iguana.
You headbutt the iguana, but do no damage.
The iguana is severely wounded.
The iguana bites you!
You die...

. .. ..l .... .....
##########
..?..(#####........#
......'..l@........#
<.....#####........#
.$... #........# ##
?... #........# #.
... #........# ###.
.. #........# #... .
#........# #.#.
#........### #.#.
#........'.# #.#.


You could see an iguana.

Vanquished Creatures
  An adder (D:2)
  A worm (D:2)
  5 dart slugs
  3 orcs (D:3)
  An endoplasm (D:1)
  A giant cockroach (D:3)
  2 goblins
  3 hobgoblins
  3 jackals (D:2)
  3 quokkas (D:1)
  5 ball pythons
  5 bats
  3 frilled lizards
  3 kobolds
  A rat (D:1)
40 creatures vanquished.

Notes
Turn   | Place    | Note
-------+----------+-------------------------------------------
     0 | D:1      | cdecastro the Draconian Transmuter began the quest for the
                  | Orb.
     0 | D:1      | Reached XP level 1. HP: 16/16 MP: 3/3
    94 | D:1      | Reached XP level 2. HP: 13/23 MP: 3/5
   373 | D:1      | Reached XP level 3. HP: 28/28 MP: 4/6
   422 | D:1      | Found Giritsom's Weapon Shop.
   599 | D:1      | Learned a level 2 spell: Wereblood
  1459 | D:3      | Found a hide-covered altar of Uskayaw.
  1466 | D:3      | Noticed a +0 dagger
  1466 | D:3      | Noticed a +0 hand axe
  1597 | D:3      | HP: 1/28 [iguana (5)]
  1598 | D:3      | Mangled by an iguana

Illustrated notes

Levels and vault maps discovered:
D:1:      wander_arrival_lonely_grave, layout_rooms, serial_shops,
          nicolae_shop_pleasant_corner_grove, minmay_misc_feat_rugged
D:2:      layout_basic
D:3:      layout_basic, lemuel_doored_altar, dancing_weapons_uskayaw,
          kennysheep_path_1

Skill      XL: |  1  2 |
---------------+-------+-----
Transmutations | 3 |  3.7
Fighting       | |  1.1
Dodging        | |  1.7
Unarmed Combat | |  3.6
Spellcasting   | |  2.0

Action                     || total
---------------------------++-------
  Melee: Unarmed           ||   121
         Kick              ||    18
         Headbutt          ||    12
         Tailslap          ||    14
         Punch             ||     2
   Cast: Beastly Appendage ||    20
         Wereblood         ||     3
   Stab: Sleeping          ||     3
 Armour: Skin              ||    44
  Dodge: Dodged            ||    92
